 Dungeon Crawl Stone Soup version 0.17-a0-1651-gae1a69f (webtiles) character file.

95750 patman the Lord of Darkness (level 15, -2/92 HPs)
             Began as a Deep Elf Wanderer on Aug 11, 2015.
             Was the Champion of Kikubaaqudgha.
             Slain by a giant leech (23 damage)
             ... on level 2 of the Swamp on Aug 14, 2015.
             The game lasted 02:39:34 (35983 turns).

patman the Lord of Darkness (Deep Elf Wanderer)    Turns: 35983, Time: 02:39:34

Health: -2/92      AC: 16    Str:  7 (8)  XL:     15   Next: 67%
Magic:  25/32      EV: 21    Int: 25      God:    Kikubaaqudgha [******]
Gold:   921        SH:  6    Dex: 22      Spells: 6 memorised, 3 levels left

rFire  . . .     SeeInvis .     a - +6 whip (pain)
rCold  . . .     Clarity  .     Z - +3 leather armour
rNeg   . . .     SustAt   .     c - +0 buckler
rPois  .         Gourm    .     G - +2 helmet
rElec  .         Spirit   .     Y - +1 cloak
rCorr  .         Warding  .     I - +2 pair of gloves {Dex+3}
rMut   .         Stasis   .     T - +1 pair of boots
MR     +....                    d - amulet of regeneration
Stlth  ++........               w - +5 ring of intelligence
                                Q - ring of wizardry

@: lethally poisoned (-2 -> -16), regenerating, somewhat resistant to hostile
enchantments, unstealthy
A: spit poison 1
a: Spit Poison, Receive Corpses, Torment, Renounce Religion


You were on level 2 of the Swamp.
You worshipped Kikubaaqudgha.
Kikubaaqudgha was exalted by your worship.
You were full.

You visited 5 branches of the dungeon, and saw 30 of its levels.
You also visited: Labyrinth, Sewer, Bailey, Ice Cave and Volcano.

You collected 2945 gold pieces.
You spent 2024 gold pieces at shops.

Inventory:

Hand weapons
 a - a +6 whip of pain (weapon)
 b - a +3 dagger of electrocution
 H - a +0 eveningstar
Missiles
 l - 7 javelins (quivered)
Armour
 c - a +0 buckler (worn)
 D - a +1 helmet of see invisible
 G - a +2 helmet (worn)
 I - a +2 pair of gloves of dexterity (worn)
 T - a +1 pair of boots (worn)
 W - an ice dragon hide
 Y - a +1 cloak (worn)
 Z - a +3 leather armour (worn)
Magical staves
 u - an uncursed staff of wizardry
Rods
 g - a +6 rod of clouds (14/14)
   (You took it off a minotaur in a labyrinth)
Jewellery
 d - an amulet of regeneration (around neck)
 e - an uncursed amulet of stasis
 o - an uncursed amulet of resist mutation
 r - an uncursed ring of fire
 w - a +5 ring of intelligence (right hand)
 F - an uncursed ring of teleportation
 N - the ring "Ruovom" {+Fly rElec MR+ Str+4 Int-2}
   (You found it on level 8 of the Lair of Beasts)

   [ring of protection from magic]

   It affects your strength (+4).
   It affects your intelligence (-2).
   It insulates you from electricity.
   It affects your resistance to hostile enchantments.
   It lets you fly.
 Q - a ring of wizardry (left hand)
 R - an uncursed amulet of warding
Magical devices
 h - a wand of digging (3)
 m - a wand of disintegration (16)
 y - a wand of heal wounds (6)
Scrolls
 i - 10 scrolls of remove curse
 k - 7 scrolls of fog
 p - 5 scrolls of teleportation
 B - 3 scrolls of immolation
 C - a scroll of blinking
 E - 2 scrolls of fear
 P - 2 scrolls of enchant weapon
 S - a scroll of magic mapping
 U - 4 scrolls of recharging
Potions
 f - 4 potions of flight
 j - 3 potions of berserk rage
 n - 5 potions of brilliance
 s - 5 potions of invisibility
 t - 2 potions of curing
 z - 2 potions of cancellation
 J - 2 potions of agility
 K - 3 potions of cure mutation
 O - 2 potions of might
Books
 v - a Necronomicon

   Spells                             Type                      Level
   a - Haunt                          Necromancy/Summoning         7
   b - Borgnjor's Revivification      Necromancy                   8
   c - Death's Door                   Charms/Necromancy            8
   d - Necromutation                  Transmutation/Necromancy     8
 M - a Grand Grimoire

   Spells                             Type                      Level
   a - Monstrous Menagerie            Summoning                    6
   b - Summon Greater Demon           Summoning                    7
   c - Malign Gateway                 Summoning/Translocation      7
   d - Summon Horrible Things         Summoning                    8
 V - an Akashic Record

   Spells                             Type                      Level
   a - Dispersal                      Translocation                6
   b - Controlled Blink               Translocation                7
   c - Malign Gateway                 Summoning/Translocation      7
   d - Disjunction                    Translocation                8
Comestibles
 q - 10 bread rations
 x - 13 fruits
 X - a slice of pizza


   Skills:
 - Level 10.0 Fighting
 - Level 10.0 Short Blades
 - Level 10.7 Maces & Flails
 - Level 1.1 Throwing
 - Level 10.1 Dodging
 - Level 4.0 Shields
 - Level 11.3 Spellcasting
 * Level 4.0 Summonings
 * Level 17.4 Necromancy


You had 3 spell levels left.
You knew the following spells:

 Your Spells              Type           Power        Failure   Level  Hunger
d - Dispel Undead         Necr           #######.     1%          5    ###....
h - Haunt                 Necr/Summ      ######....   38%         7    ######.
C - Death Channel         Necr           #######...   1%          6    #####..
Q - Borgnjor's Revivific  Necr           #######...   16%         8    #######
R - Regeneration          Chrm/Necr      ######....   1%          3    None
S - Animate Dead          Necr           N/A          1%          4    None


Dungeon Overview and Level Annotations

Branches:
Dungeon (15/15)            Temple (1/1) D:6            Lair (8/8) D:8
  Swamp (2/4) Lair:4        Snake (0/4) Lair:5        Slime (0/6) Lair:7
    Orc (4/4) D:10            Elf (0/3) Orc:3        Vaults (0/5) D:14
 Depths (0/5) D:15

Altars:
Ashenzari
Cheibriados
Dithmenos
Elyvilon
Fedhas
Gozag
Kikubaaqudgha
Makhleb
Nemelex Xobeh
Okawaru
Qazlal
Ru
Sif Muna
Trog
Vehumet
Xom
Yredelemnul
Zin
The Shining One

Shops:
D:10 }   D:11 ?   D:14 [**[   D:15 [   Orc:3 *   Orc:4 =(

Portals:
Trove: D:10 (give +3 ice dragon armour)

Annotations:
D:9 exclusion: statue
Lair:3 exclusion: oklob plant
Orc:2 Rupert


Innate Abilities, Weirdness & Mutations

You can spit weak poison.


Message History

Unknown command.
Unknown command.
Unknown command.
Unknown command.
Unknown command.
Unknown command.
Unknown command.
You feel very sick.
Unknown command.
Unknown command.
You catch the helpless swamp dragon momentarily off-guard.
You whack the swamp dragon!
You kill the swamp dragon!
Kikubaaqudgha accepts your kill.
Your Summonings skill increases to level 4!
You feel your strength returning.
You feel very sick. The giant leech bites you!!
You die...
Kikubaaqudgha rasps: "You have failed me!
Welcome... death!"

♣♣♣ ♣♣§♣ ♣♣♣♣♣♣♣..♣
♣♣♣♣♣♣♣
♣♣.≈♣♣....♣♣♣♣♣♣♣♣≈..§...
≈.....≈≈≈.♣♣≈.≈♣♣........
≈.}≈≈.≈≈≈.Z≈≈..♣≈.≈≈.≈.≈≈
≈≈≈≈≈..≈≈..≈.<♣Z...≈≈..≈≈
≈≈≈≈≈≈≈.....♣♣♣†@....≈...
≈≈≈≈≈≈≈≈≈..≈♣♣.≈w≈.......
≈≈≈≈≈≈≈≈≈≈.♣♣.≈≈≈≈....≈≈≈
≈≈≈≈≈≈≈≈≈.≈♣...≈≈≈≈≈≈.≈≈≈
≈.........♣♣.≈...≈≈≈≈≈≈.≈
.≈..≈≈≈♣♣≈ ♣♣..≈≈≈≈≈≈≈≈≈≈
≈≈.§≈≈≈. ♣♣≈≈≈≈≈≈≈≈≈≈≈
≈≈.≈≈≈≈. ♣≈≈≈≈♣♣≈≈≈≈≈
≈..≈.... .≈≈≈≈≈ ♣≈≈≈≈


You could see a giant leech and a friendly giant leech zombie.

Vanquished Creatures
  The ghost of Yanek the Tortoise, a powerful MiBe of Trog (Lair:6)
  A dire elephant (D:15)
  4 vault guards (D:14)
  A minotaur (Lab)
  An ice dragon (Lair:8)
  7 hydras
  5 catoblepae
  2 alligators (Swamp:1)
  7 death yaks
  Urug (D:11)
  A deep elf knight (Bailey)
  2 unseen horrors
  An orc knight (Orc:3)
  A swamp dragon (Swamp:2)
  3 hill giants
  2 orc sorcerers
  4 ugly things
  3 griffons
  A wolf spider (D:15)
  2 manticores
  3 cyclopes
  2 toenail golems (Volcano)
  12 elephants
  6 black mambas
  2 torpor snails
  7 spiny frogs
  2 gargoyles (D:14)
  6 komodo dragons
  A fire drake (D:8)
  A deep elf priest (Bailey)
  7 trolls
  2 polar bears (Lair:8)
  10 blink frogs
  A giant leech (Swamp:2)
  11 slime creatures
  3 boulder beetles
  2 bog bodies
  A trapdoor spider zombie (D:9)
  3 deep elf magi
  A trapdoor spider (Lab)
  A shadow (D:12)
  7 humans
  A spriggan (D:7)
  3 wraiths
  2 basilisks
  2 wyverns
  4 vampire mosquitoes (Swamp:2)
  9 hippogriffs
  3 deep elf fighters (Bailey)
  7 hungry ghosts
  18 wolves
  2 wargs (D:10)
  52 yaks
  9 swamp worms
  A mottled dragon (D:11)
  10 porcupines
  A soldier ant (D:13)
  19 water moccasins
  A black bear (D:7)
  17 ice beasts
  3 necrophages
  2 wasps
  13 ogres
  4 phantoms
  15 orc warriors
  4 sky beasts
  An eye of draining (D:10)
  5 boggarts (D:15)
  15 crocodiles
  9 centaurs
  2 big kobolds
  A wyvern zombie (D:9)
  A brain worm (D:15)
  2 water moccasin zombies
  17 giant frogs
  10 scorpions
  14 killer bees
  The ghost of Chiseanne the Skirmisher, a weakling DsFi (D:3)
  5 wights (D:14)
  5 centaur zombies
  4 electric eels
  A giant frog zombie (D:10)
  A wasp zombie (D:10)
  7 jellies
  16 orc priests
  11 crimson imps
  2 giant frog skeletons
  9 hounds
  7 centaur skeletons
  8 iguanas
  25 orc wizards
  11 hell rats (Lair:1)
  9 worker ants
  5 sheep
  An ogre skeleton (Lab)
  17 adders
  11 gnolls
  40 river rats
  2 shadow imps
  3 white imps (D:15)
  4 oozes
  An adder zombie (D:8)
  4 worms
  106 orcs
  4 ball pythons
  21 bats
  11 giant cockroaches
  7 goblins
  6 hobgoblins
  7 jackals
  16 kobolds
  5 quokkas
  6 giant geckos
  A giant gecko skeleton (D:6)
  A giant gecko zombie (D:5)
  14 giant newts
  2 quokka skeletons
  24 rats
  A spectral orc (D:5)
862 creatures vanquished.

Vanquished Creatures (collateral kills)
  An emperor scorpion (D:15)
  Josephine (Lair:7)
  A catoblepas (Lair:8)
  7 hydras
  5 death yaks
  An ice devil (D:15)
  An unseen horror (D:13)
  A hornet (Swamp:1)
  A manticore (D:15)
  2 griffons
  4 elephants (Lair:5)
  A smoke demon (D:15)
  A toenail golem (Volcano)
  2 centaur zombies
  2 black mambas
  A centaur skeleton (D:15)
  3 spiny frogs
  A gargoyle (D:15)
  A troll (D:15)
  3 slime creatures
  8 yaks
  2 wraiths (Lair:7)
  A human (Volcano)
  3 wolves (Lair:3)
  A hippogriff (Lair:7)
  4 swamp worms
  2 water moccasins
  An ogre (Orc:4)
  2 crocodiles (Lair:2)
  2 giant frogs
  2 electric eels (Lair:8)
  A crimson imp (D:15)
  2 iguanas
  10 river rats
  A white imp (D:15)
  2 orcs
  2 kobolds (D:14)
  4 fungi
  5 plants (Lair:8)
95 creatures vanquished.

Vanquished Creatures (others)
  A shadow imp (D:11)
  2 fire vortices (D:14)
  19 fungi
  18 plants
40 creatures vanquished.

Grand Total: 997 creatures vanquished

Notes
Turn   | Place    | Note
--------------------------------------------------------------
     0 | D:1      | patman the Deep Elf Wanderer began the quest for the Orb.
     0 | D:1      | patman set off with: a +2 leather armour, a potion of lignification, a +0 buckler, a +0 dagger, a bread ration
     0 | D:1      | Reached XP level 1. HP: 12/12 MP: 3/3
     6 | D:1      | Noticed a queen ant
     6 | D:1      | Noticed a giant leech
     6 | D:1      | Noticed a basilisk
     7 | D:1      | Noticed a frost giant
   495 | D:1      | Reached XP level 2. HP: 10/16 MP: 4/4
  1613 | D:1      | Reached XP level 3. HP: 20/20 MP: 5/5
  2079 | D:2      | Reached XP level 4. HP: 25/25 MP: 6/6
  2521 | D:2      | Reached skill level 5 in Short Blades
  2861 | D:3      | Reached XP level 5. HP: 23/29 MP: 7/7
  2957 | D:3      | Found a glowing drain.
  2977 | Sewer    | Entered a sewer
  3501 | D:3      | Found a white marble altar of Elyvilon.
  3565 | D:3      | Reached skill level 6 in Short Blades
  3620 | D:3      | Reached XP level 6. HP: 34/34 MP: 8/8
  3821 | D:3      | Noticed Chiseanne's ghost (weakling DsFi)
  3865 | D:3      | Found a shattered altar of Ashenzari.
  3931 | D:3      | Killed Chiseanne's ghost
  4138 | D:4      | Reached skill level 7 in Short Blades
  4146 | D:4      | Found a bloodstained altar of Trog.
  4853 | D:4      | Reached skill level 8 in Short Blades
  4853 | D:4      | Reached XP level 7. HP: 38/38 MP: 9/9
  5133 | D:5      | Entered Level 5 of the Dungeon
  5313 | D:5      | Reached skill level 9 in Short Blades
  5396 | D:5      | Found an iron altar of Okawaru.
  5451 | D:5      | Reached XP level 8. HP: 32/43 MP: 10/10
  5652 | D:5      | Found a basalt altar of Yredelemnul.
  5710 | D:5      | Reached skill level 10 in Short Blades
  5844 | D:5      | Found a sacrificial altar of Ru.
  5955 | D:5      | Reached skill level 5 in Dodging
  6787 | D:6      | Found a staircase to the Ecumenical Temple.
  6813 | Temple   | Entered the Ecumenical Temple
  6912 | Temple   | Became a worshipper of Kikubaaqudgha
  7030 | D:6      | Reached XP level 9. HP: 52/52 MP: 11/11
  7060 | D:6      | Found a burning altar of Makhleb.
  7060 | D:6      | Noticed a green death
  7063 | D:6      | Noticed an orange demon
  7560 | D:7      | Got a distressingly furry ring mail
  7623 | D:6      | Identified the +0 ring mail of Maun Xoq {+Fly rElec rN+ Str-4} (You found it on level 7 of the Dungeon)
  7648 | D:7      | Reached skill level 5 in Fighting
  8142 | D:7      | Acquired Kikubaaqudgha's first power
  8142 | D:7      | Received a gift from Kikubaaqudgha
  8143 | D:7      | Identified Kikubaaqudgha's Guide on Necromancy (Kikubaaqudgha gifted it to you on level 7 of the Dungeon)
  8148 | D:7      | Learned a level 3 spell: Regeneration
  8738 | D:8      | Found a sparkling altar of Nemelex Xobeh.
  8879 | D:8      | Found a staircase to the Lair.
  8879 | D:8      | Noticed a fire drake
  8897 | D:8      | Killed a fire drake
  8897 | D:8      | Reached skill level 10 in Dodging
  9049 | D:8      | Reached XP level 10. HP: 47/61 MP: 12/12
 10034 | D:9      | Found a radiant altar of Vehumet.
 10750 | D:9      | Acquired Kikubaaqudgha's second power
 11332 | D:9      | Found an iron altar of Okawaru.
 12076 | D:10     | Entered Level 10 of the Dungeon
 12109 | D:10     | Found a portal to a secret trove of treasure.
 12209 | D:10     | Found a staircase to the Orcish Mines.
 12634 | D:10     | Noticed a hill giant
 12647 | D:10     | Killed a hill giant
 12647 | D:10     | Reached XP level 11. HP: 71/71 MP: 13/13
 12677 | D:10     | Found a deep blue altar of Sif Muna.
 13000 | D:10     | Found Qalanwate's Gadget Boutique.
 13117 | D:10     | Bought a wand of disintegration (16) for 260 gold pieces
 13331 | D:10     | Reached skill level 10 in Fighting
 13396 | D:10     | Reached skill level 1 in Spellcasting
 13405 | D:10     | Reached skill level 1 in Necromancy
 13801 | D:10     | Received a gift from Kikubaaqudgha
 13802 | D:10     | Identified Kikubaaqudgha's Compendium of Sinister Rites (Kikubaaqudgha gifted it to you on level 10 of the Dungeon)
 13808 | D:10     | Learned a level 4 spell: Animate Dead
 13924 | D:11     | Noticed a five-headed hydra
 14026 | D:11     | Found Xiregybb's Magic Scroll Shoppe.
 14031 | D:11     | Bought a scroll of identify for 32 gold pieces
 14031 | D:11     | Bought a scroll of random uselessness for 16 gold pieces
 14214 | D:11     | Noticed Urug
 14244 | D:11     | Killed Urug
 14253 | D:11     | Reached skill level 5 in Necromancy
 14264 | D:11     | Killed an unseen horror
 14689 | D:11     | Killed a five-headed hydra
 15196 | D:11     | Reached skill level 1 in Maces & Flails
 15231 | D:12     | Found a flagged portal.
 15242 | Bailey   | Entered a bailey
 15283 | Bailey   | Reached XP level 12. HP: 73/77 MP: 17/17
 15353 | Bailey   | Noticed a deep elf knight
 15374 | Bailey   | Killed a deep elf knight
 16200 | D:12     | Acquired Kikubaaqudgha's third power
 16464 | Lair:1   | Entered Level 1 of the Lair of Beasts
 16982 | Lair:1   | Reached skill level 5 in Maces & Flails
 17561 | Lair:1   | Acquired Kikubaaqudgha's fourth power
 18046 | Lair:2   | Noticed a catoblepas
 18068 | Lair:2   | Killed a catoblepas
 18246 | Lair:2   | Noticed a five-headed hydra
 18278 | Lair:2   | Killed a five-headed hydra
 18989 | Lair:3   | Noticed a six-headed hydra
 19003 | Lair:3   | Killed a six-headed hydra
 19317 | Lair:3   | Reached XP level 13. HP: 42/82 MP: 10/18
 19428 | Lair:3   | Upgraded the game from 0.17-a0-1646-geb1493d to 0.17-a0-1648-g0a089d4
 19546 | Lair:3   | You fall through a shaft for 3 floors!
 19546 | Lair:6   | Noticed Yanek's ghost (powerful MiBe)
 19687 | Lair:5   | Learned a level 5 spell: Dispel Undead
 20076 | Lair:5   | Found a staircase to the Snake Pit.
 20949 | Lair:3   | Reached skill level 10 in Maces & Flails
 22188 | Lair:4   | Found a staircase to the Swamp.
 22584 | Lair:6   | Killed Yanek's ghost
 22728 | Lair:6   | Reached skill level 10 in Necromancy
 22755 | Lair:6   | Identified 2 scrolls of acquirement
 22829 | Lair:6   | Got an ichor-stained scale mail
 22840 | Lair:6   | Identified the +1 scale mail "Atea" {Slay+4} (You acquired it on level 6 of the Lair of Beasts)
 23565 | Lair:7   | Reached skill level 5 in Spellcasting
 23696 | Lair:7   | Found a shimmering altar of Xom.
 23730 | Lair:7   | Found a staircase to the Slime Pits.
 23761 | Lair:7   | Noticed Josephine
 23770 | Lair:7   | Killed Josephine
 23770 | Lair:7   | Reached skill level 11 in Necromancy
 24150 | Lair:7   | Reached XP level 14. HP: 74/88 MP: 23/25
 24350 | Lair:8   | Entered Level 8 of the Lair of Beasts
 24394 | Lair:8   | Found a labyrinth entrance.
 24402 | Lab      | Entered a labyrinth
 24943 | Lair:8   | Found a frozen archway.
 24973 | Lair:8   | Reached skill level 12 in Necromancy
 25042 | IceCv    | Entered an ice cave
 25181 | IceCv    | Identified a +6 rod of clouds (14/14) (You took it off a minotaur in a labyrinth)
 25895 | Temple   | Received a gift from Kikubaaqudgha
 26076 | Orc:1    | Entered Level 1 of the Orcish Mines
 26236 | Orc:1    | Found a burning altar of Makhleb.
 27013 | Orc:2    | Noticed Rupert
 27103 | Orc:3    | Found Budgh's General Store.
 27123 | Orc:3    | Bought a scroll of teleportation for 42 gold pieces
 27168 | Orc:3    | Found a dark tunnel.
 27225 | Volcano  | Entered a volcano
 27316 | Volcano  | Reached skill level 13 in Necromancy
 28070 | Orc:3    | Found a staircase to the Elven Halls.
 28609 | Orc:4    | Entered Level 4 of the Orcish Mines
 28609 | Orc:4    | Found Kiugeoph's Jewellery Emporium.
 28652 | Orc:4    | Noticed an orc warlord
 28832 | Orc:4    | Found Safesazo's Antique Weapon Shop.
 29412 | Lair:8   | Reached skill level 14 in Necromancy
 29719 | Lair:8   | Learned a level 6 spell: Death Channel
 29993 | Lair:8   | Reached skill level 15 in Necromancy
 30174 | Lair:8   | Got an ancient iron ring
 30176 | Lair:8   | Identified the ring "Ruovom" {+Fly rElec MR+ Str+4 Int-2} (You found it on level 8 of the Lair of Beasts)
 31038 | D:13     | Got a bloodstained rapier
 31039 | D:13     | Identified the cursed +3 rapier of Dotaat {venom, MR+ Dex+3} (You found it on level 13 of the Dungeon)
 31106 | D:13     | Reached XP level 15. HP: 23/92 MP: 27/29
 31560 | D:13     | Reached skill level 16 in Necromancy
 31578 | D:13     | Learned a level 8 spell: Borgnjor's Revivification
 31902 | D:14     | Found Mocw's Assorted Antiques.
 31910 | D:14     | Found Fueweene's Antique Armour Boutique.
 31935 | D:14     | Found Voitov's Assorted Antiques.
 31942 | D:14     | Bought a shadowed robe for 193 gold pieces
 31953 | D:14     | Identified the +1 robe of Zin's Favour {+Fly Int+7 Dex-5} (You bought it in a shop on level 14 of the Dungeon)
 32435 | D:14     | Found a gate to the Vaults.
 32591 | D:14     | Reached skill level 10 in Spellcasting
 32684 | D:14     | Found Cesoreutec's Armour Shop.
 32769 | D:15     | Entered Level 15 of the Dungeon
 32996 | D:15     | Found Xacketyo's Armour Shoppe.
 33021 | D:15     | Bought a +1 pair of boots for 184 gold pieces
 33302 | D:15     | Found a staircase to the Depths.
 33340 | D:15     | Upgraded the game from 0.17-a0-1648-g0a089d4 to 0.17-a0-1650-gce8475a
 34328 | D:13     | Reached skill level 17 in Necromancy
 34429 | D:11     | Bought a scroll of acquirement for 832 gold pieces
 34534 | D:14     | Bought a thick leatherbound book for 465 gold pieces
 34542 | D:14     | Learned a level 7 spell: Haunt
 34865 | Swamp:1  | Entered Level 1 of the Swamp
 34921 | Swamp:1  | Got a sheer robe
 34932 | Swamp:1  | Identified the +2 robe of Reaptokk {MP-9 Str+2 Int+4 Dex+2} (You found it on level 1 of the Swamp)
 34979 | Swamp:1  | Reached skill level 1 in Summonings
 35095 | Swamp:1  | Paralysed by a hornet for 4 turns
 35213 | Swamp:1  | Gained mutation: You can spit weak poison. [potion of mutation]
 35213 | Swamp:1  | Gained mutation: You are weak. (Str -2) [potion of mutation]
 35213 | Swamp:1  | Lost mutation: You are weak. (Str -2) [potion of mutation]
 35333 | Swamp:1  | Upgraded the game from 0.17-a0-1650-gce8475a to 0.17-a0-1651-gae1a69f
 35983 | Swamp:2  | Slain by a giant leech

Vault maps used:
D:1:      onia_arrival_zoo_common, minmay_misc_feat_ornament, hex_tiny
D:2:      serial_glass, glass_columns_a, glass_columns_c, glass_columns_a,
          glass_columns_a, glass_columns_b, glass_columns_b, glass_columns_b,
          glass_columns_a, glass_columns_a, glass_columns_a, glass_columns_c,
          glass_columns_c, glass_columns_b, glass_columns_a
D:3:      lemuel_coloured_pillars_altar, elyvilon_altar_3, gup_sewer_entry_pipe
D:4:      kennysheep_mini_moat, first_bread
D:5:      yredelemnul_forgotten_temple_becter, nicolae_overflow_hidden_temple,
          nicolae_ru_path_of_blood, serial_bayou_lagoon_a
D:6:      minmay_temple_entry_large_hall, makhleb_altar_promises_db
D:7:      the_bakery, kennysheep_flooded_box
D:8:      minmay_lair_entry_lava, nemelex_deck
D:9:      vehumet_statue, small_statue_intersection, okawaru_humans
D:10:     david_orc_1_choice, enter_trove_0, basic_altar, serial_shops,
          nicolae_shop_stone
D:11:     serial_shops, shop, nicolae_two_hexagons, st_stairs_11,
          lemuel_old_faithful, uniq_urug
D:12:     enter_bailey_8
D:14:     lightli_vaults_fourway_checkpoint, serial_shops,
          nicolae_shop_window_shopping, shop_statue, shop_statue,
          nicolae_shop_behind_doors, minmay_misc_feat_cross, minivault_19,
          st_stairs_7
D:15:     hangedman_depths_entry_try_elsewhere_first, serial_shops,
          nicolae_shop_window_shopping, interstate_on_off,
          minmay_fire_ice_demons
Temple:   circular_temple_12
Lair:1:   lemuel_ratsnest
Lair:2:   serial_forest, infiniplex_forest_end_2,
          infiniplex_forest_lined_room_3, infiniplex_forest_split,
          infiniplex_forest_lined_2, infiniplex_forest_clump_double,
          infiniplex_forest_lined_corner, infiniplex_forest_lined_3_way
Lair:3:   minmay_lair_oklob_chamber
Lair:4:   nicolae_swamp_entry_splash_gauntlet
Lair:5:   guppyfry_snake_entry_garden
Lair:7:   minmay_slime_entry_pillars, basic_altar, lemuel_fruit_tree,
          serial_bayou_shore_a, uniq_josephine
Lair:8:   evilmike_catoblepas_cave, lab_entry_generic,
          portal_ice_cave_entry_animals_and_master, st_stairs_12,
          serial_bayou_lake_a
Swamp:1:  nicolae_swamp_feature_on_the_river_bank, swamp_pool5
Swamp:2:  hangedman_swamp_cone
Orc:1:    statue_in_the_mist_lemuel, lemuel_statue_altar
Orc:2:    nicolae_orc_sculptors_studio, uniq_rupert
Orc:3:    serial_shops, nicolae_shop_waterfront, enter_volcano_2,
          nicolae_orc_pool_cavern
Orc:4:    st_orc_elflike, basic_altar, serial_shops, shop, shop
Lab:      labyrinth_watery, lab_fountain, nicolae_lab_arrow, nicolae_lab_stuck,
          nicolae_lab_plus, labyrinth_skeletal_remains
Sewer:    sewer_fruit_machine
Bailey:   bailey_polearm_3, bailey
IceCv:    ice_cave_statue_garden_02
Volcano:  volcano_bunker

Action                   |  1- 3 |  4- 6 |  7- 9 | 10-12 | 13-15 || total
-------------------------+-------+-------+-------+-------+-------++-------
Melee: Dagger            |   163 |   253 |   411 |   898 |   167 ||  1892
       Whip              |       |       |       |   450 |  1836 ||  2286
       Eveningstar       |       |       |       |       |    22 ||    22
Throw: Tomahawk          |       |       |    13 |     4 |       ||    17
       Javelin           |       |       |       |     6 |     1 ||     7
 Cast: Regeneration      |       |       |       |    34 |    79 ||   113
       Animate Dead      |       |       |       |    18 |    76 ||    94
       Dispel Undead     |       |       |       |       |    26 ||    26
Invok: Receive Corpses   |       |       |       |     5 |    31 ||    36
 Abil: Evoke Berserk Rag |       |     1 |       |       |       ||     1
Evoke: Wand              |       |       |     1 |    11 |    23 ||    35
       Rod               |       |       |       |       |     2 ||     2
  Use: Potion            |     1 |       |       |     1 |    20 ||    22
       Scroll            |       |     4 |     5 |    16 |    39 ||    64
 Stab: Sleeping          |       |       |     3 |     6 |     1 ||    10
       Paralysed         |       |       |     1 |     2 |       ||     3
       Distracted        |       |       |     1 |     1 |    15 ||    17
       Fleeing           |       |       |       |       |     2 ||     2
       Invisible         |       |       |       |       |     2 ||     2
  Eat: Chunk             |     2 |     2 |     7 |     7 |    36 ||    54
       Pizza             |     1 |     1 |       |     2 |     1 ||     5
       Meat ration       |       |     1 |     2 |     4 |     5 ||    12
       Beef jerky        |       |       |     1 |     3 |     1 ||     5
       Bread ration      |       |       |       |     2 |     9 ||    11
       Fruit             |       |       |       |       |     2 ||     2
